 Dungeon Crawl Stone Soup version 0.31.0-1-g2c135a0 (webtiles) character file.

Game seed: 4050878898791770759

3271 e90rm the Covered (level 10, -5/74 HPs)
             Began as a Human Berserker on Apr 2, 2024.
             Was a Priest of Trog.
             Slain by an orc warlord
             ... wielding a +7 broad axe
              (19 damage)
             ... in a bailey.
             The game lasted 00:42:42 (6961 turns).

e90rm the Covered (Human Berserker)                 Turns: 6961, Time: 00:42:42

Health: -5/74      AC: 20    Str: 16    XL:     10   Next: 0%
Magic:  10/10      EV: 16    Int: 14    God:    Trog [***...]
Gold:   351        SH: 10    Dex: 18    Spells: 9/9 levels left

rFire   . . .        r - +5 dagger "Duestrocli" {venom, Str-4 Int+4}
rCold   + . .        q - +0 kite shield
rNeg    . . .        J - +7 Kryia's mail coat {PotionHeal*2 rC+}
rPois   .            y - +2 hat
rElec   .            K - +0 cloak
rCorr   .            p - +0 pair of gloves
SInv    .            L - +0 pair of boots
Will    ++...        G - amulet of magic regeneration
Stlth   +            i - +6 ring of dexterity
HPRegen 1.32/turn    x - +5 ring of evasion
MPRegen 0.52/turn

%: no passive effects
@: strong-willed, on berserk cooldown, regenerating, slowed, very slow
A: explore regen
a: Renounce Religion, Berserk, Trog's Hand


You were in a bailey.
You worshipped Trog.
Trog was most pleased with you.
You visited 1 branch of the dungeon, and saw 7 of its levels.
You also visited: Bailey.

You collected 441 gold pieces.
You spent 90 gold pieces at shops.

Inventory:

Hand Weapons
 a - a +1 long sword
 g - a +0 spear of venom
 r - the +5 dagger "Duestrocli" (weapon) {venom, Str-4 Int+4}
   (You found it on level 2 of the Dungeon)

   Str-4:     It affects your strength (-4).
   Int+4:     It affects your intelligence (+4).
 w - a +0 sling
 A - a +0 rapier
 C - a +2 heavy flail
 E - a +4 war axe
 H - a +1 mace of draining
 O - a +1 heavy trident
 S - a +0 scimitar
 U - a +0 flail of holy wrath
Missiles
 e - 2 throwing nets
 k - 3 javelins
 l - 24 stones
 v - 5 poisoned darts (quivered)
Armour
 c - a +1 robe of positive energy
 j - +0 storm dragon scales
 p - a +0 pair of gloves (worn)
 q - a +0 kite shield (worn)
 y - a +2 hat (worn)
 J - the +7 Kryia's mail coat (worn) {PotionHeal*2 rC+}
   (You found it on level 4 of the Dungeon)

   PotionHeal*2: Potions heal its wearer twice as much.
   rC+:       It protects you from cold.
 K - a +0 cloak (worn)
 L - a +0 pair of boots (worn)
Magical Staves
 o - a staff of air
Jewellery
 i - a +6 ring of dexterity (left hand)
 m - a ring of fire
 x - a +5 ring of evasion (right hand)
 G - an amulet of magic regeneration (around neck)
 X - an amulet of faith
Wands
 F - a wand of roots (13)
 Q - a wand of flame (5)
Scrolls
 b - a scroll of revelation
 s - 2 scrolls of amnesia
 D - a scroll of blinking
 I - 2 scrolls of fear {unknown}
 M - 2 scrolls of fog {unknown}
 P - 4 scrolls of teleportation {unknown}
 W - a scroll of poison {unknown}
Potions
 d - a potion of magic
 f - a potion of attraction {unknown}
 n - a potion of brilliance {unknown}
 t - 4 potions of heal wounds {unknown}
 u - a potion of resistance {unknown}
 z - a potion of mutation {unknown}
 B - a potion of haste
 N - a potion of berserk rage {unknown}
 R - a potion of lignification {unknown}
 Y - a potion of might {unknown}
 Z - 2 potions of invisibility {unknown}


   Skills:
 + Level 5.5 Fighting
 + Level 6.3(6.8) Short Blades
 + Level 3.6(5.4) Long Blades
 + Level 1.2 Polearms
 + Level 2.0 Throwing
 + Level 7.1 Armour
 + Level 5.4 Dodging
 + Level 2.1 Stealth
 + Level 5.6 Shields


You had 9 spell levels left.
You didn't know any spells.
Your spell library contained the following spells:

 Spells                   Type           Power      Damage    Failure   Level
 Lesser Beckoning         Tloc           0%         N/A       98%         2
 Dazzling Flash           Conj/Hex       0%         N/A       100%        3
 Gell's Gravitas          Tloc           0%         N/A       100%        3
 Stone Arrow              Conj/Erth      0%         3d7       100%        3
 Teleport Other           Tloc           0%         N/A       100%        3
 Volatile Blastmotes      Fire/Tloc      0%         2d10      100%        3
 Animate Armour           Summ/Erth      0%         N/A       100%        4
 Leda's Liquefaction      Alch/Erth      0%         N/A       100%        4
 Lee's Rapid Deconstruct  Erth           0%         3d4*      100%        5
 Bombard                  Conj/Erth      0%         9d1       100%        6
 Starburst                Conj/Fire      0%         6d3       100%        6
 Lehudib's Crystal Spear  Conj/Erth      0%         10d2      100%        8
 Maxwell's Capacitive Co  Air            0%         ∞         100%        8


Dungeon Overview and Level Annotations

Branches:
Dungeon (7/15)             Temple (0/1) D:7          Bailey (1/1)

Altars:
Okawaru
Sif Muna
Wu Jian
Zin


Innate Abilities, Weirdness & Mutations

You regain HP and MP as you explore.


Message History

The orc warrior no longer looks unusually strong.
The orc no longer looks unusually strong.
You block the orc warlord's attack. You block the orc warrior's attack.
The orc warlord hits you but does no damage.
The orc warrior hits you with a +0 war axe.
The orc barely misses you.
You hit the orc.
You kill the orc!
Trog accepts your kill.
The orc warlord hits you but does no damage.
The orc warrior hits you with a +0 war axe!
* * * LOW HITPOINT WARNING * * *
You block the orc warlord's attack. You block the orc warrior's attack.
The orc warlord roars a battlecry!
The orc warrior goes into a battle-frenzy!
The orc warrior barely misses you.
Items here: ))))) [[[[[.
You hit the orc warrior but do no damage.
The orc warrior is poisoned.
You block the orc warlord's attack. The orc warrior closely misses you.
You hit the orc warrior but do no damage.
The orc warrior looks as sick as possible!
The orc warrior is lightly wounded.
The orc warlord hits you with a +7 broad axe!
* * * LOW HITPOINT WARNING * * *
You block the orc warrior's attack.
You hit the orc warlord but do no damage.
The orc warlord looks as sick as possible!
The orc warlord is moderately wounded.
The orc warlord hits you but does no damage.
You block the orc warrior's attack.
The +7 Kryia's mail coat enhances the healing.
You feel better.
The orc warlord hits you with a +7 broad axe!
* * * LOW HITPOINT WARNING * * *
You block the orc warrior's attack.
The orc warlord hits you but does no damage.
The orc warrior completely misses you.
The orc warlord hits you with a +7 broad axe!!
You die...

#...)...#.........#....)..#
##)....##.........##..)).##
##)####...........####'##
##.)...##.........##.....##
#..)....#.........#.......#
##...)...##.......##.......##
#.........#...)...#.........#
##.........###o)o###.........##
#.....⌠.....###@###.....⌠.....#
##.........##88.88##.........##
#.........#.......#.........#
##.....))##.......##.......##
#.......')....).).)[......#
##.....##.........##.....##
#######.....⌠.....#######
##.........## #.........#


You could see an orc warlord (extremely poisoned) and an orc warrior (strong,
very poisoned).

Vanquished Creatures
  3 water moccasins
  A sky beast (D:6)
  14 orc warriors
  An ice beast (D:4)
  2 phantoms
  A bullfrog (D:7)
  3 gnoll sergeants
  3 bombardier beetles
  A jelly (D:7)
  A hound (D:4)
  5 orc priests
  A gnoll bouda (D:7)
  Jessica (D:2)
  4 iguanas
  6 orc wizards
  Robin (D:4)
  23 gnolls
  7 adders
  A white imp (D:5)
  2 ufetubi (D:5)
  2 dart slugs
  A ribbon worm (D:4)
  37 orcs
  9 bats
  6 endoplasms
  A giant cockroach (D:3)
  27 goblins
  15 hobgoblins
  6 quokkas
  6 ball pythons
  A frilled lizard (D:3)
  8 kobolds
  3 rats
203 creatures vanquished.

Notes
Turn   | Place    | Note
-------+----------+-------------------------------------------
     0 | D:1      | e90rm the Human Berserker began the quest for the Orb.
     0 | D:1      | Reached XP level 1. HP: 18/18 MP: 1/1
   384 | D:1      | Reached XP level 2. HP: 16/24 MP: 2/2
  1078 | D:2      | Identified the +5 dagger "Duestrocli" {venom, Str-4 Int+4}
  1188 | D:2      | Reached XP level 3. HP: 27/29 MP: 3/3
  1527 | D:2      | Reached skill level 1 in Stealth
  1544 | D:2      | Reached ** piety under Trog
  1593 | D:2      | Noticed Jessica
  1610 | D:2      | Killed Jessica
  1611 | D:2      | Reached skill level 1 in Polearms
  1611 | D:2      | Reached XP level 4. HP: 34/35 MP: 4/4
  2078 | D:3      | Reached skill level 3 in Armour
  2078 | D:3      | Reached XP level 5. HP: 42/42 MP: 5/5
  2184 | D:3      | Reached skill level 1 in Short Blades
  2334 | D:3      | Found an iron altar of Okawaru.
  2413 | D:3      | Found a faded altar of an unknown god.
  2753 | D:4      | Reached XP level 6. HP: 44/48 MP: 6/6
  2818 | D:4      | Reached skill level 1 in Throwing
  2856 | D:4      | Found an ornate altar of the Wu Jian Council.
  2865 | D:4      | Noticed an ice beast
  2874 | D:4      | Found Zin's Purification Station.
  2893 | D:4      | Killed an ice beast
  2894 | D:4      | Reached skill level 4 in Armour
  2894 | D:4      | Found a glowing silver altar of Zin.
  2904 | D:4      | Bought a potion of curing for 90 gold pieces
  2924 | D:4      | Noticed Robin
  2944 | D:4      | Killed Robin
  3016 | D:4      | Found the +7 Kryia's mail coat {PotionHeal*2 rC+}
  3022 | D:4      | Found a shimmering blue altar of Sif Muna.
  3024 | D:4      | Reached *** piety under Trog
  3347 | D:5      | Entered Level 5 of the Dungeon
  3383 | D:5      | Reached XP level 7. HP: 43/53 MP: 7/7
  3759 | D:5      | Reached skill level 5 in Armour
  4383 | D:6      | Reached XP level 8. HP: 48/60 MP: 8/8
  4558 | D:6      | Reached **** piety under Trog
  4562 | D:6      | Reached skill level 1 in Shields
  5628 | D:7      | Reached skill level 6 in Armour
  5679 | D:7      | Reached skill level 5 in Short Blades
  5679 | D:7      | Reached XP level 9. HP: 67/67 MP: 9/9
  5732 | D:7      | Found a staircase to the Ecumenical Temple.
  6026 | D:7      | Reached skill level 5 in Fighting
  6074 | D:7      | Reached skill level 5 in Dodging
  6099 | D:7      | Found a flagged portal.
  6110 | Bailey   | Entered a bailey
  6514 | Bailey   | Reached skill level 5 in Shields
  6526 | Bailey   | Reached skill level 7 in Armour
  6929 | Bailey   | Noticed an orc warlord
  6941 | Bailey   | Reached XP level 10. HP: 74/74 MP: 10/10
  6961 | Bailey   | Slain by an orc warlord

Illustrated notes

Levels and vault maps discovered:
D:1:      lemuel_arrival_muddy, layout_basic
D:2:      wad_woods_tower, layout_loops_ring, uniq_jessica
D:3:      layout_rooms, okawaru_ov_weapons_minmay,
          ebering_ecumenical_altar_mist, kennysheep_big_empty_room,
          chequers_serial_rivers_micro_d
D:4:      layout_rooms, zin_purify, mainiacjoe_overflow_small_starburst,
          nicolae_overflow_crystal_walls, chequers_serial_rivers_large_a,
          st_stairs_2, uniq_robin
D:5:      layout_cave_pools
D:6:      layout_gridville
D:7:      layout_basic, gammafunk_temple_overflow_claw,
          minmay_temple_entry_stoned_glass, enter_bailey_2
Bailey:   bailey_axe_minmay_hex_keep, bailey

Skill      XL: |  1  2  3  4  5  6  7  8  9 |
---------------+----------------------------+-----
Stealth        | 1 2 |  2.1
Polearms       | 1 |  1.2
Armour         | 3 4 5 6 7 |  7.1
Short Blades   | 1 2 3 5 6 |  6.3
Throwing       | 1 2 |  2.0
Fighting       | 4 5 |  5.5
Dodging        | 3 4 5 |  5.4
Shields        | 2 5 |  5.6
Long Blades    | |  3.6

Action                     |  1- 3 |  4- 6 |  7- 9 | 10-12 || total
---------------------------+-------+-------+-------+-------++-------
  Melee: Falchion          |    45 |       |       |       ||    45
         Dagger            |    56 |   164 |   466 |    15 ||   701
         Spear             |    27 |       |       |       ||    27
         Punch             |     1 |     2 |       |       ||     3
  Throw: Stone             |     1 |    11 |       |       ||    12
         Dart              |       |     4 |    10 |       ||    14
 Invoke: Berserk           |     1 |     4 |     4 |       ||     9
         Trog's Hand       |       |       |     1 |     1 ||     2
    Use: Scroll            |       |     3 |     6 |       ||     9
         Potion            |       |       |     1 |     1 ||     2
 Armour: Leather armour    |    19 |       |       |       ||    19
         Storm dragon scal |    56 |   105 |       |       ||   161
         Scale mail        |       |    21 |   280 |    16 ||   317
  Dodge: Dodged            |    35 |   156 |   381 |    10 ||   582
  Block: Kite shield       |       |       |   265 |    15 ||   280
